 Dungeon Crawl Stone Soup version 0.32-a0-999-gfa1cc04b1d (webtiles) character file.

Game seed: 2040760866740092837

188 protoss039 the Digger (level 5, 38/38 HPs)
             Began as a Demonspawn Earth Elementalist on Apr 24, 2024.
             Got out of the dungeon alive.
             The game lasted 00:04:38 (2659 turns).

protoss039 the Digger (DsEE)                        Turns: 2659, Time: 00:04:39

Health: 38/38      AC:  4    Str:  9    XL:     5   Next: 39%
Magic:  9/9        EV: 13    Int: 17    God:
Gold:   119        SH:  0    Dex: 13    Spells: 2/9 levels left

rFire   . . .        f - +3 dagger
rCold   . . .        (no shield)
rNeg    . . .        a - +0 robe
rPois   .            i - +0 helmet
rElec   .            c - +0 cloak
rCorr   .            (no gloves)
SInv    .            (no boots)
Will    .....        (no amulet)
Stlth   ++           (no ring)
HPRegen 0.26/turn    (no ring)
MPRegen 0.11/turn

%: no passive effects
@: no status effects
A: repulsion field 1, powered by pain 1, demonic magic 1
a: no special abilities


You escaped.
You visited 1 branch of the dungeon, and saw 4 of its levels.

You collected 119 gold pieces.

Inventory:

Hand Weapons
 f - a +3 dagger (weapon)
Armour
 a - a +0 robe (worn)
 c - a +0 cloak (worn)
 i - a +0 helmet (worn)
Wands
 n - a wand of roots (2)
Scrolls
 e - 3 scrolls of immolation {unknown}
 g - 2 scrolls of revelation {unknown}
 h - a scroll of vulnerability {unknown}
 j - a scroll of identify {unknown}
 l - a scroll of enchant weapon {unknown}
 m - a scroll of teleportation {unknown}
 o - 3 scrolls of fear {unknown}
 p - a scroll of summoning {unknown}
Potions
 b - a potion of magic
 d - 2 potions of curing {unknown}
 k - a potion of heal wounds {unknown}


   Skills:
 + Level 2.0 Fighting
 + Level 1.1 Armour
 * Level 2.5 Dodging
 * Level 2.7 Stealth
 + Level 2.8 Spellcasting
 - Level 1.0 Conjurations
 + Level 3.4 Earth Magic


You had 2 spell levels left.
You knew the following spells:

 Your Spells              Type           Power      Damage    Failure   Level
a - Sandblast             Erth           28%        2d8       4%          1
b - Passwall              Erth           14%        N/A       13%         3
c - Stone Arrow           Conj/Erth      20%        3d8       22%         3

Your spell library contained the following spells:

 Spells                   Type           Power      Damage    Failure   Level
 Brom's Barrelling Bould  Conj/Erth      10%        2d3       56%         4
 Petrify                  Alch/Erth      8%         N/A       65%         4


Dungeon Overview and Level Annotations

Branches:
Dungeon (4/15) Zot: 21308
 Temple: D:4-7

Altars:


Innate Abilities, Weirdness & Mutations

You are surrounded by a mild repulsion field. (EV +2)
You sometimes gain a little power by taking damage.
Spells you cast may paralyse adjacent enemies.


Message History

Casting: Sandblast (safe; 4% risk of failure)
Confirm with . or Enter, or press ? or * to list all spells.
Aiming: Sandblast (safe; 4% risk of failure)
Press: ? - help, Shift-Dir - straight line, f/p - Blork the orc
Aim: Blork the orc, wielding a +2 long sword of electrocution and wearing a +0 robe (moderately wounded, 84% to hit)
The blast of sand hits Blork the orc!
Blork the orc is severely wounded.
Malevolent energies surge around you.
Blork the orc suddenly stops moving!
The helpless Blork the orc fails to defend himself.
You puncture Blork the orc!
Blork the orc is almost dead.
Unknown command.
The helpless Blork the orc fails to defend himself.
You hit Blork the orc.
You kill Blork the orc!
Your Fighting skill increases to level 2!
Your Armour skill increases to level 1!
You have reached level 5!
Your demonic ancestry asserts itself...
You feel energised by your suffering.
p - a scroll labelled YSIOTA EGHIMYJ
Things that are here:
a +2 long sword of electrocution; a +0 robe; the orc corpse of Blork the orc
There is a stone staircase leading up here.
You climb upwards.
There is a stone staircase leading down here.
HP restored.
You see here a +0 trident.
There is a stone staircase leading down here.
There is a stone staircase leading up here.
You climb upwards.
There is a stone staircase leading down here.
You see here an amulet of faith.
There is a stone staircase leading up here.
You climb upwards.
There is a stone staircase leading down here.
You open the door.
There is an open door here.
There is a staircase leading out of the dungeon here.
You have escaped!

.#.####.#....#.####...#.###..#...
.#.####.#.............#.###..#...
.#....................#..........
.#..###.####.#.###.#....###...###
##...........#.#...#.##.# #...#.#
...............#'#.#....# #..##.#
#.............##.###....###..##.#
##............#♣.~P#............#
#..###.####..'.@~P#...........##
#..# #.# #..#♣.~P#...........#.
#..# #.# #..##.###....#.##.###.
#..###.####..##'###.####.##..†..
#............#......#.##.##.....
##.....#........###.#.##†######.
######..#.###.#.## #.#.##.######†
#...........#.#.####...........##
###...........#.#...............#


There were no monsters in sight!

Vanquished Creatures
  Blork the orc (D:4)
  A gnoll (D:2)
  4 adders
  An orc (D:3)
  3 ball pythons
  5 bats
  7 endoplasms
  6 giant cockroaches
  7 hobgoblins
  9 jackals
  4 kobolds
  4 quokkas
  A frilled lizard (D:2)
  3 goblins (D:1)
  9 rats
65 creatures vanquished.

Notes
Turn   | Place    | Note
-------+----------+-------------------------------------------
     0 | D:1      | protoss039 the Demonspawn Earth Elementalist began the
                  | quest for the Orb.
     0 | D:1      | Reached XP level 1. HP: 13/13 MP: 3/3
   210 | D:1      | Gained mutation: You are surrounded by a mild repulsion
                  | field. (EV +2) [demonic ancestry]
   210 | D:1      | Reached XP level 2. HP: 19/20 MP: 3/5
   331 | D:1      | Reached skill level 1 in Fighting
   433 | D:1      | Found a faded altar of an unknown god.
   484 | D:1      | Reached skill level 3 in Earth Magic
   826 | D:1      | Gained mutation: Spells you cast may paralyse adjacent
                  | enemies. [demonic ancestry]
   826 | D:1      | Reached XP level 3. HP: 26/26 MP: 6/6
  1590 | D:3      | Reached XP level 4. HP: 32/33 MP: 5/7
  2319 | D:3      | Learned a level 3 spell: Passwall
  2323 | D:3      | Learned a level 3 spell: Stone Arrow
  2363 | D:4      | Noticed Blork the orc
  2498 | D:4      | Killed Blork the orc
  2499 | D:4      | Reached skill level 1 in Armour
  2499 | D:4      | Gained mutation: You sometimes gain a little power by
                  | taking damage. [demonic ancestry]
  2499 | D:4      | Reached XP level 5. HP: 26/38 MP: 6/9
  2659 | D:$      | Got out of the dungeon alive.

Illustrated notes

Levels and vault maps discovered:
D:1:      tarquinn_simple_flora_water_e, layout_basic,
          chequers_ecumenical_altar_lobes, minmay_worlds_worst_comb
D:2:      layout_loops_ring
D:3:      layout_loops_ring
D:4:      layout_basic, corner_web_ring, kennysheep_generic_room_9, uniq_robin,
          uniq_blork_the_orc

Skill      XL: |  1  2  3  4 |
---------------+-------------+-----
Fighting       | 1 2 |  2.0
Earth Magic    | 3 |  3.4
Dodging        | 2 |  2.5
Stealth        | 2 |  2.7
Armour         | 1 |  1.1
Spellcasting   | |  2.8
Conjurations   | |  1.0

Action                     |  1- 3 |  4- 6 || total
---------------------------+-------+-------++-------
  Melee: Unarmed           |    19 |       ||    19
         Dagger            |    36 |    29 ||    65
   Cast: Sandblast         |    38 |    23 ||    61
         Passwall          |       |     1 ||     1
   Stab: Sleeping          |     3 |     5 ||     8
         Paralysed         |     5 |    11 ||    16
 Armour: Robe              |    39 |    25 ||    64
  Dodge: Dodged            |    62 |    34 ||    96

Table legend: (Time is in decaauts)
 A = Elapsed time spent in this place.
 B = Non-inter-level travel time spent in this place.
 C = Inter-level travel time spent in this place.
 D = Time resting spent in this place.
 E = Time spent auto-exploring this place.
 F = Levels seen in this place.
 G = Mean time per level.
                   A        B        C        D        E       F      G
               +--------+--------+--------+--------+--------+-----+--------+
         Total |   2691 |   2490 |    201 |    105 |   1706 |   4 |  672.8 |
       Dungeon |   2691 |   2490 |    201 |    105 |   1706 |   4 |  672.8 |
               +--------+--------+--------+--------+--------+-----+--------+

Top non-repeatable levels by time:
     D:1: 1174 daAuts
     D:3: 844 daAuts
     D:2: 505 daAuts
     D:4: 167 daAuts
